| TOP OF THE 1ST |
|
Reading Fightin Phils batting - Pitching for Springfield Cardinals : RHP Phil Feldscher
|
|
Pitching: RHP Phil Feldscher
|
|
|
Batting: RHB Chris Myers
|
0-0: Ball 1-0: Called Strike 1-1: Ball 2-1: Ball 3-1: SINGLE (Groundball, 6MD, EV 109.4 MPH) (infield hit)
|
|
Batting: LHB Rich Kuehne
|
0-0: Ball 1-0: Called Strike 1-1: Ball 2-1: Swinging Strike 2-2: Grounds into double play, 5-4-3 (Groundball, 5L, EV 98.8 MPH)
|
|
Batting: RHB Alan Weller
|
0-0: Hit by Pitch
|
|
Batting: LHB Josh George
|
0-0: Ball 1-0: Ball 2-0: Swinging Strike 2-1: SINGLE (Line Drive, 8RS, EV 90.6 MPH) Alan Weller to second Runner from 2nd tries for 3rd, SAFE, no throw by CF
|
|
Batting: RHB Zach Downs
|
0-0: Called Strike 0-1: Ball 1-1: Ball 2-1: Foul Ball, location: 2F 2-2: Strikes out swinging
|
| Top of the 1st over - 0 runs, 2 hits, 0 errors, 2 left on base; Reading 0 - Springfield 0 |
| BOTTOM OF THE 1ST |
|
Springfield Cardinals batting - Pitching for Reading Fightin Phils : RHP Jeff Dailey
|
|
Pitching: RHP Jeff Dailey
|
|
|
Batting: LHB Adam Eisen
|
0-0: Ball 1-0: Fly out, F4 (Popup, 4, EV 68.8 MPH)
|
|
Batting: RHB Victor Moya
|
0-0: Called Strike 0-1: Called Strike 0-2: Ball 1-2: SOLO HOME RUN (Flyball, 78XD, EV 101.9 MPH), Distance : 402 ft
|
|
Batting: LHB Ronnie Ashley
|
0-0: Ball 1-0: Called Strike 1-1: Fly out, F7 (Flyball, 7LS, EV 83.8 MPH)
|
|
Batting: LHB David Moore
|
0-0: Ball 1-0: Ground out 4-3 (Groundball, 4S, EV 84.4 MPH)
|
| Bottom of the 1st over - 1 run, 1 hit, 0 errors, 0 left on base; Reading 0 - Springfield 1 |
| TOP OF THE 2ND |
|
Reading Fightin Phils batting - Pitching for Springfield Cardinals : RHP Phil Feldscher
|
|
Batting: LHB Danny Zuniga
|
0-0: Called Strike 0-1: Called Strike 0-2: Strikes out looking
|
|
Batting: RHB Matt McDevitt
|
0-0: Fly out, F8 (Flyball, 8RXD, EV 85.0 MPH)
|
|
Batting: RHB Frank Ramirez
|
0-0: SINGLE (Groundball, 56D, EV 107.5 MPH)
|
|
Batting: RHB Allen Deschamps
|
0-0: Called Strike 0-1: Ball 1-1: Foul Ball, location: 2F 1-2: Strikes out swinging
|
| Top of the 2nd over - 0 runs, 1 hit, 0 errors, 1 left on base; Reading 0 - Springfield 1 |
| BOTTOM OF THE 2ND |
|
Springfield Cardinals batting - Pitching for Reading Fightin Phils : RHP Jeff Dailey
|
|
Batting: RHB Dan Boykins
|
0-0: Called Strike 0-1: Foul Ball, location: 2F 0-2: Ball 1-2: Ground out 5-3 (Groundball, 56S, EV 86.9 MPH)
|
|
Batting: RHB Justin Reich
|
0-0: Foul Ball, location: 2F 0-1: Ball 1-1: Ball 2-1: Fly out, F8 (Flyball, 8RXD, EV 96.9 MPH)
|
|
Batting: RHB Immel Kamuzu
|
0-0: Called Strike 0-1: Ball 1-1: Called Strike 1-2: Ground out 6-3 (Groundball, 6, EV 80.0 MPH)
|
| Bottom of the 2nd over - 0 runs, 0 hits, 0 errors, 0 left on base; Reading 0 - Springfield 1 |
| TOP OF THE 3RD |
|
Reading Fightin Phils batting - Pitching for Springfield Cardinals : RHP Phil Feldscher
|
|
Batting: RHB Chris Myers
|
0-0: Called Strike 0-1: Swinging Strike 0-2: Foul Ball, location: 2F 0-2: Strikes out swinging
|
|
Batting: LHB Rich Kuehne
|
0-0: Ball 1-0: SINGLE (Line Drive, 8RS, EV 94.4 MPH)
|
|
Batting: RHB Alan Weller
|
0-0: SINGLE (Line Drive, 4D, EV 103.8 MPH) Rich Kuehne to second
|
|
Batting: LHB Josh George
|
0-0: Ball 1-0: Foul Ball, location: 2F 1-1: Ball 2-1: Ball 3-1: Swinging Strike 3-2: Foul Ball, location: 2F 3-2: Foul Ball, location: 2F 3-2: Strikes out swinging
|
|
Batting: RHB Zach Downs
|
0-0: Called Strike 0-1: Ball 1-1: Swinging Strike 1-2: Foul Ball, location: 2F 1-2: Foul Ball, location: 2F 1-2: Fly out, F7 (Flyball, 7LM, EV 98.1 MPH)
|
| Top of the 3rd over - 0 runs, 2 hits, 0 errors, 2 left on base; Reading 0 - Springfield 1 |
| BOTTOM OF THE 3RD |
|
Springfield Cardinals batting - Pitching for Reading Fightin Phils : RHP Jeff Dailey
|
|
Batting: LHB Yeong-hun Joe
|
0-0: Called Strike 0-1: Foul Ball, location: 2F 0-2: Strikes out swinging
|
|
Batting: RHB Austin Akers
|
0-0: Ball 1-0: Called Strike 1-1: Ball 2-1: Foul Ball, location: 2F 2-2: Strikes out swinging
|
|
Batting: LHB Adam Eisen
|
0-0: Swinging Strike 0-1: Swinging Strike 0-2: Foul Ball, location: 2F 0-2: Strikes out looking
|
| Bottom of the 3rd over - 0 runs, 0 hits, 0 errors, 0 left on base; Reading 0 - Springfield 1 |
| TOP OF THE 4TH |
|
Reading Fightin Phils batting - Pitching for Springfield Cardinals : RHP Phil Feldscher
|
|
Batting: LHB Danny Zuniga
|
0-0: Ball 1-0: Ball 2-0: Foul Ball, location: 2F 2-1: Foul Ball, location: 2F 2-2: Ground out 4-3 (Groundball, 4, EV 83.1 MPH)
|
|
Batting: RHB Matt McDevitt
|
0-0: Called Strike 0-1: Ball 1-1: Ball 2-1: Fly out, F8 (Flyball, 78M, EV 83.8 MPH)
|
|
Batting: RHB Frank Ramirez
|
0-0: Fly out, F7 (Flyball, 7D, EV 99.4 MPH)
|
| Top of the 4th over - 0 runs, 0 hits, 0 errors, 0 left on base; Reading 0 - Springfield 1 |
| BOTTOM OF THE 4TH |
|
Springfield Cardinals batting - Pitching for Reading Fightin Phils : RHP Jeff Dailey
|
|
Batting: RHB Victor Moya
|
0-0: Foul Ball, location: 2F 0-1: Ball 1-1: Foul Ball, location: 2F 1-2: Foul Ball, location: 2F 1-2: Ball 2-2: Ground out 6-3 (Groundball, 6M, EV 83.1 MPH)
|
|
Batting: LHB Ronnie Ashley
|
0-0: Ball 1-0: Ball 2-0: Foul Ball, location: 2F 2-1: SOLO HOME RUN (Flyball, 78XD, EV 98.8 MPH), Distance : 411 ft
|
|
Batting: LHB David Moore
|
0-0: Called Strike 0-1: Called Strike 0-2: Foul Ball, location: 2F 0-2: Ball 1-2: Ball 2-2: Ball 3-2: Base on Balls
|
|
Batting: RHB Dan Boykins
|
0-0: Ball 1-0: Ball 2-0: Called Strike 2-1: Called Strike 2-2: Fly out, F7 (Flyball, 7LD, EV 91.9 MPH)
|
|
Batting: RHB Justin Reich
|
0-0: Called Strike 0-1: Swinging Strike 0-2: Hit by Pitch David Moore to second
|
|
Batting: RHB Immel Kamuzu
|
0-0: Ball 1-0: Swinging Strike 1-1: Foul Ball, location: 2F 1-2: Strikes out swinging
|
| Bottom of the 4th over - 1 run, 1 hit, 0 errors, 2 left on base; Reading 0 - Springfield 2 |
| TOP OF THE 5TH |
|
Reading Fightin Phils batting - Pitching for Springfield Cardinals : RHP Phil Feldscher
|
|
Batting: RHB Allen Deschamps
|
0-0: Fly out, F4 (Popup, 4MS, EV 63.8 MPH)
|
|
Batting: RHB Chris Myers
|
0-0: Ball 1-0: Ball 2-0: Fly out, F3 (Popup, 3SF, EV 78.1 MPH)
|
|
Batting: LHB Rich Kuehne
|
0-0: Ball 1-0: Foul Ball, location: 2F 1-1: Ground out 5-3 (Groundball, 5, EV 103.8 MPH)
|
| Top of the 5th over - 0 runs, 0 hits, 0 errors, 0 left on base; Reading 0 - Springfield 2 |
| BOTTOM OF THE 5TH |
|
Springfield Cardinals batting - Pitching for Reading Fightin Phils : RHP Jeff Dailey
|
|
Batting: LHB Yeong-hun Joe
|
0-0: Swinging Strike 0-1: Ball 1-1: Ground out U3 (Groundball, 3, EV 87.5 MPH)
|
|
Batting: RHB Austin Akers
|
0-0: Foul Ball, location: 2F 0-1: Ball 1-1: Fly out, F7 (Flyball, 7S, EV 86.2 MPH)
|
|
Batting: LHB Adam Eisen
|
0-0: Ball 1-0: SINGLE (Line Drive, 8LS, EV 111.2 MPH)
|
|
Batting: RHB Victor Moya
|
0-0: Ball Adam Eisen steals 2nd base 1-0: Fly out, F8 (Flyball, 78M, EV 76.2 MPH)
|
| Bottom of the 5th over - 0 runs, 1 hit, 0 errors, 1 left on base; Reading 0 - Springfield 2 |
| TOP OF THE 6TH |
|
Reading Fightin Phils batting - Pitching for Springfield Cardinals : RHP Phil Feldscher
|
|
Batting: RHB Alan Weller
|
0-0: Ball 1-0: Ground out 6-3 (Groundball, 56D, EV 103.1 MPH)
|
|
Batting: LHB Josh George
|
0-0: Foul Ball, location: 2F 0-1: Foul Ball, location: 2F 0-2: Ball 1-2: Foul Ball, location: 2F 1-2: Ball 2-2: Foul Ball, location: 2F 2-2: Ball 3-2: Foul Ball, location: 2F 3-2: Strikes out swinging
|
|
Batting: RHB Zach Downs
|
0-0: Ball 1-0: Ball 2-0: Foul Ball, location: 2F 2-1: Foul Ball, location: 2F 2-2: Fly out, F6 (Flyball, 4MD, EV 85.6 MPH)
|
| Top of the 6th over - 0 runs, 0 hits, 0 errors, 0 left on base; Reading 0 - Springfield 2 |
| BOTTOM OF THE 6TH |
|
Springfield Cardinals batting - Pitching for Reading Fightin Phils : RHP Jeff Dailey
|
|
Batting: LHB Ronnie Ashley
|
0-0: Ball 1-0: Ball 2-0: Called Strike 2-1: Ball 3-1: Reached on error, E7 (Flyball, 7, EV 89.4 MPH)
|
|
Batting: LHB David Moore
|
0-0: Ball 1-0: Swinging Strike 1-1: Ball 2-1: Ball 3-1: Swinging Strike 3-2: SINGLE (Groundball, 4MD, EV 98.8 MPH) Ronnie Ashley to second
|
|
Pitching: RHP Rome Corona
|
|
|
Batting: RHB Dan Boykins
|
0-0: Called Strike 0-1: Fly out, F7 (Line Drive, 7, EV 85.6 MPH)
|
|
Batting: RHB Justin Reich
|
0-0: Ball 1-0: Ball 2-0: Foul Ball, location: 2F 2-1: Called Strike 2-2: Ball 3-2: Strikes out looking
|
|
Batting: RHB Immel Kamuzu
|
0-0: Called Strike 0-1: Ball 1-1: SINGLE (Groundball, 56, EV 102.5 MPH) (infield hit) Ronnie Ashley to third David Moore to second
|
|
Batting: LHB Yeong-hun Joe
|
0-0: Ball 1-0: Ball 2-0: Called Strike 2-1: Fly out, F7 (Flyball, 78M, EV 89.4 MPH)
|
| Bottom of the 6th over - 0 runs, 2 hits, 1 error, 3 left on base; Reading 0 - Springfield 2 |
| TOP OF THE 7TH |
|
Reading Fightin Phils batting - Pitching for Springfield Cardinals : RHP Phil Feldscher
|
|
Batting: LHB Danny Zuniga
|
0-0: Swinging Strike 0-1: Foul Ball, location: 2F 0-2: Strikes out swinging
|
|
Batting: RHB Matt McDevitt
|
0-0: Ground out 4-3 (Groundball, 4, EV 89.4 MPH)
|
|
Batting: RHB Frank Ramirez
|
0-0: Foul Ball, location: 2F 0-1: Ball 1-1: Swinging Strike 1-2: Ball 2-2: Strikes out swinging, 2-3 out at first.
|
| Top of the 7th over - 0 runs, 0 hits, 0 errors, 0 left on base; Reading 0 - Springfield 2 |
| BOTTOM OF THE 7TH |
|
Springfield Cardinals batting - Pitching for Reading Fightin Phils : RHP Rome Corona
|
|
Batting: RHB Austin Akers
|
0-0: Ball 1-0: SINGLE (Groundball, 6MD, EV 108.1 MPH)
|
|
Batting: LHB Adam Eisen
|
0-0: Bunt missed! 0-1: Sac Bunt to 15S - play at first, batter OUT! 1-3 Austin Akers to second
|
|
Batting: RHB Victor Moya
|
0-0: Ball Austin Akers steals 3rd base 1-0: Ball 2-0: Ball 3-0: Base on Balls
|
|
Batting: LHB Ronnie Ashley
|
0-0: Called Strike Victor Moya steals 2nd base 0-1: Ball 1-1: SINGLE (Groundball, 4D, EV 104.4 MPH) Austin Akers scores Victor Moya to third Runner from 3rd tries for Home, SAFE, throw by CF to home
|
|
Batting: LHB David Moore
|
0-0: Ball 1-0: Ball 2-0: Called Strike 2-1: Ball 3-1: Called Strike 3-2: Base on Balls Ronnie Ashley to second
|
|
Batting: RHB Dan Boykins
|
0-0: Ball 1-0: Fielders Choice at 2nd, 5-4 (Groundball, 56, EV 83.1 MPH) Ronnie Ashley to third
|
|
Batting: RHB Justin Reich
|
0-0: Ball 1-0: Ball 2-0: Ball 3-0: Called Strike 3-1: Foul Ball, location: 2F 3-2: Base on Balls Dan Boykins to second
|
|
Batting: RHB Immel Kamuzu
|
0-0: Ball 1-0: Foul Ball, location: 2F 1-1: Ball 2-1: Ball 3-1: Called Strike 3-2: Base on Balls Ronnie Ashley scores Dan Boykins to third Justin Reich to second
|
|
Pitching: RHP T.J. Gray
|
|
|
Batting: LHB Yeong-hun Joe
|
0-0: Called Strike 0-1: Swinging Strike 0-2: Ball 1-2: Ball Wild Pitch! Dan Boykins scores Justin Reich to third Immel Kamuzu to second 2-2: Ground out U3 (Groundball, 3L, EV 106.2 MPH)
|
| Bottom of the 7th over - 4 runs, 2 hits, 0 errors, 2 left on base; Reading 0 - Springfield 6 |
| TOP OF THE 8TH |
|
Reading Fightin Phils batting - Pitching for Springfield Cardinals : RHP Phil Feldscher
|
|
Batting: RHB Allen Deschamps
|
0-0: Ball 1-0: Called Strike 1-1: Called Strike 1-2: Fly out, F9 (Flyball, 9D, EV 93.1 MPH)
|
|
Batting: RHB Chris Myers
|
0-0: Called Strike 0-1: Ball 1-1: Ball 2-1: Called Strike 2-2: Fly out, F9 (Line Drive, 9S, EV 95.0 MPH)
|
|
Batting: LHB Rich Kuehne
|
0-0: Called Strike 0-1: Ball 1-1: Fly out, F8 (Flyball, 8RD, EV 81.2 MPH)
|
| Top of the 8th over - 0 runs, 0 hits, 0 errors, 0 left on base; Reading 0 - Springfield 6 |
| BOTTOM OF THE 8TH |
|
Springfield Cardinals batting - Pitching for Reading Fightin Phils : RHP T.J. Gray
|
|
Batting: RHB Austin Akers
|
0-0: Called Strike 0-1: DOUBLE (Flyball, 8RD, EV 100.6 MPH)
|
|
Batting: LHB Adam Eisen
|
0-0: Ball 1-0: Called Strike 1-1: Called Strike 1-2: Ball 2-2: Ball 3-2: Foul Ball, location: 2F 3-2: Fly out, F8 (Flyball, 8LM, EV 78.8 MPH)
|
|
Batting: RHB Victor Moya
|
0-0: Ball 1-0: Foul Ball, location: 2F 1-1: SINGLE (Groundball, 6MD, EV 97.5 MPH) Austin Akers to third Runner from 3rd tries for Home, SAFE, throw by CF to home
|
|
Batting: LHB Ronnie Ashley
|
0-0: Ball 1-0: Called Strike 1-1: Ball Victor Moya steals 2nd base 2-1: Ball 3-1: Base on Balls
|
|
Batting: LHB David Moore
|
0-0: Foul Ball, location: 2F 0-1: Called Strike 0-2: Fly out, F7 (Flyball, 78M, EV 90.0 MPH)
|
|
Batting: RHB Dan Boykins
|
0-0: Foul Ball, location: 2F 0-1: Foul Ball, location: 2F 0-2: Foul Ball, location: 2F 0-2: Ball 1-2: Ball 2-2: Ball 3-2: Foul Ball, location: 2F 3-2: Base on Balls Victor Moya to third Ronnie Ashley to second
|
|
Batting: RHB Justin Reich
|
0-0: Foul Ball, location: 2F 0-1: Ball 1-1: Foul Ball, location: 2F 1-2: Ball 2-2: Fielders Choice at 2nd, U4 (Groundball, 4M, EV 78.8 MPH)
|
| Bottom of the 8th over - 1 run, 2 hits, 0 errors, 3 left on base; Reading 0 - Springfield 7 |
| TOP OF THE 9TH |
|
Reading Fightin Phils batting - Pitching for Springfield Cardinals : RHP Phil Feldscher
|
|
Pinch Hitting: LHB Tsuneharu Nishimura
|
0-0: Ball 1-0: SINGLE (Line Drive, 34, EV 103.1 MPH)
|
|
Batting: LHB Josh George
|
0-0: Ball 1-0: Foul Ball, location: 2F 1-1: Swinging Strike 1-2: Ball 2-2: Ball 3-2: Foul Ball, location: 2F 3-2: Strikes out swinging
|
|
Pitching: RHP Cory Viola
|
|
|
Batting: RHB Zach Downs
|
0-0: Ball 1-0: Foul Ball, location: 2F 1-1: Ball 2-1: Called Strike 2-2: Foul Ball, location: 2F 2-2: Strikes out swinging
|
|
Batting: LHB Danny Zuniga
|
0-0: Ball 1-0: Ball 2-0: Called Strike 2-1: Ball 3-1: SINGLE (Line Drive, 89S, EV 111.2 MPH) Tsuneharu Nishimura to second
|
|
Batting: RHB Matt McDevitt
|
0-0: Called Strike 0-1: Fly out, F4 (Popup, 34, EV 80.0 MPH)
|
| Top of the 9th over - 0 runs, 2 hits, 0 errors, 2 left on base; Reading 0 - Springfield 7 |
|